 Dungeon Crawl Stone Soup version 0.17.1-1-g73c8601 (console) character file.

840 Dingbat the Cutter (level 8, -1/72 HPs)
             Began as a Naga Monk on Apr 10, 2016.
             Slain by a killer bee (6 damage)
             ... on level 8 of the Dungeon.
             The game lasted 00:14:53 (3515 turns).

Dingbat the Cutter (Naga Monk)                      Turns: 3515, Time: 00:14:53

Health: -1/72      AC:  8    Str: 14    XL:     8   Next: 0%
Magic:  11/11      EV: 11    Int: 11    God:
Gold:   188        SH:  0    Dex: 13    Spells: 0 memorised, 7 levels left

rFire  + . .     SeeInvis +     a - +1 dagger (holy)
rCold  + . .     Clarity  .     i - +2 robe {MR+}
rNeg   . . .     SustAt   .     (no shield)
rPois  +         Gourm    .     o - +2 helmet
rElec  +         Spirit   .     (no cloak)
rCorr  +         Warding  .     (no gloves)
rMut   .         Stasis   .     (no barding)
MR     ++...                    (no amulet)
Stlth  ++........               (no ring)
                                r - ring of invisibility

@: lethally poisoned (-1 -> -2), resistant, very slightly contaminated, very
slow, very resistant to hostile enchantments, unstealthy
A: see invisible, deformed body, dopey 1, poison resistance, slowness 2, slow
metabolism 1, spit poison 2, subdued magic 1, AC +2
a: Spit Poison, Evoke Invisibility


You were on level 8 of the Dungeon.
You were hungry.

You visited 1 branch of the dungeon, and saw 8 of its levels.

You collected 188 gold pieces.

Inventory:

Hand Weapons
 a - a +1 dagger of holy wrath (weapon)
 b - a +0 blowgun
Missiles
 j - 20 bolts of penetration
 n - 7 poisoned needles
 s - 96 stones (quivered)
Armour
 g - a +1 helmet
 i - a +2 robe of magic resistance (worn)
 l - a +0 shield
 o - a +2 helmet (worn)
 w - a +0 robe
Jewellery
 r - a ring of invisibility (left hand)
Scrolls
 f - a scroll of remove curse
 q - a scroll of fear
 x - 2 scrolls of identify
Potions
 c - 2 potions of flight
 d - a potion of agility {unknown}
 e - a potion of curing {unknown}
 h - a potion of cancellation {unknown}
 t - a potion of poison {unknown}
 u - 2 potions of resistance
 v - a potion of magic {unknown}
Comestibles
 k - 4 meat rations
 m - 2 beef jerkies
 p - a bread ration


   Skills:
 - Level 4.1 Fighting
 + Level 5.2 Short Blades
 - Level 3.7 Dodging
 - Level 3.0 Stealth
 - Level 4.0 Unarmed Combat
 + Level 4.8 Evocations


You had 7 spell levels left.
You didn't know any spells.

Dungeon Overview and Level Annotations

Branches:
Dungeon (8/15)
 Temple: D:4-7         Lair: D:8-11

Altars:
Dithmenos
Nemelex Xobeh
Okawaru
Ru
Vehumet


Innate Abilities, Weirdness & Mutations

You cannot wear boots.
Your serpentine skin is tough (AC +2).
You have supernaturally acute eyesight.
Armour fits poorly on your strangely shaped body.
Your system is resistant to poisons.
You cover ground very slowly.
You have a slow metabolism.
You can spit poison.
You are dopey. (Int -2)
Your spells are a little easier to cast, but a little less powerful.


Message History

A killer bee is nearby!
You feel sick.
You feel sick.
The killer bee buzzes angrily.
The killer bee stings you but does no damage.
The killer bee completely misses you. The killer bee misses you.
The killer bee stings you but does no damage.
The killer bee stings you but does no damage.
The killer bee barely misses you.
You feel sick. The killer bee stings you.
* * * LOW HITPOINT WARNING * * *
The killer bee barely misses you. The killer bee stings you!
* * * LOW HITPOINT WARNING * * *
There is a stone staircase leading up here.
Drink which item? (? for menu, Esc to quit)
It was a potion of resistance.
You feel protected. The killer bee barely misses you.
The killer bee stings you.
You die...

##....._.#
..........
....⌠..?. .........
###########._.....#
#.................#
#..##.#####.....##
#.y##.# ##.###...
#.@##.# #.##
#..##.#####..y##.#
#..##....†...<....
#..########...####
...# #.## ##.## .#
#. # #.


You could see a killer bee.

Vanquished Creatures
  The ghost of adamhnan the Magician, a novice OpFE (D:5)
  An ogre (D:5)
  A scorpion (D:4)
  4 killer bees (D:8)
  2 crimson imps
  Ijyb (D:3)
  A worker ant (D:4)
  3 orc wizards
  Robin (D:3)
  4 adders
  An ooze (D:3)
  An adder skeleton (D:4)
  5 orcs
  A giant cockroach (D:2)
  9 hobgoblins
  5 jackals
  3 quokkas
  4 bats (D:1)
  3 giant geckos
  A giant gecko skeleton (D:4)
  A giant newt (D:1)
  5 goblins
  3 kobolds
  2 rats
63 creatures vanquished.

Notes
Turn   | Place    | Note
--------------------------------------------------------------
     0 | D:1      | Dingbat the Naga Monk began the quest for the Orb.
     0 | D:1      | Reached XP level 1. HP: 21/21 MP: 1/1
   235 | D:2      | Reached XP level 2. HP: 6/28 MP: 2/2
   916 | D:2      | Reached XP level 3. HP: 34/34 MP: 3/3
  1092 | D:3      | Noticed Ijyb
  1110 | D:3      | Noticed Robin
  1143 | D:3      | Killed Robin
  1148 | D:3      | Killed Ijyb
  1148 | D:3      | Reached XP level 4. HP: 20/44 MP: 4/4
  1440 | D:4      | Noticed kkf5m's ghost (amateur DrBe)
  1542 | D:3      | Reached skill level 1 in Short Blades
  1542 | D:3      | Reached XP level 5. HP: 28/50 MP: 5/5
  1954 | D:4      | Found a shadowy altar of Dithmenos.
  1969 | D:4      | Reached skill level 1 in Evocations
  2068 | D:4      | Reached XP level 6. HP: 50/57 MP: 7/7
  2109 | D:4      | Found an iron altar of Okawaru.
  2298 | D:5      | Entered Level 5 of the Dungeon
  2548 | D:5      | Noticed adamhnan's ghost (novice OpFE)
  2578 | D:5      | Killed adamhnan's ghost
  2578 | D:5      | Reached XP level 7. HP: 22/64 MP: 7/9
  2970 | D:5      | Found a sparkling altar of Nemelex Xobeh.
  3245 | D:8      | Found a sacrificial altar of Ru.
  3249 | D:8      | Found a radiant altar of Vehumet.
  3333 | D:8      | Gained mutation: You are dopey. (Int -2) [mutagenic glow]
  3392 | D:8      | Gained mutation: Your spells are a little easier to cast, but a little less powerful. [mutagenic glow]
  3464 | D:8      | Reached skill level 5 in Short Blades
  3494 | D:8      | Reached XP level 8. HP: 20/72 MP: 11/11
  3515 | D:8      | Slain by a killer bee

Action                   |  1- 3 |  4- 6 |  7- 9 || total
-------------------------+-------+-------+-------++-------
Melee: Unarmed           |   105 |    18 |       ||   123
       Dagger            |       |   209 |    89 ||   298
 Fire: Blowgun           |       |     4 |       ||     4
Throw: Stone             |       |     1 |       ||     1
 Abil: Spit Poison       |     7 |     7 |     5 ||    19
       Evoke Invisibilit |       |       |     4 ||     4
  Use: Scroll            |     4 |     4 |       ||     8
       Potion            |       |       |     1 ||     1
 Stab: Sleeping          |     4 |     3 |     4 ||    11
       Invisible         |       |       |     1 ||     1
  Eat: Chunk             |       |     5 |     4 ||     9
